 Seeded DCSS version 0.27.1-35-g4d5d836560 (console) character file.

Game seed: 15609915381449825142 (custom seed)

33381 grimtooth the Tainter (level 11, -8/90 (95) HPs)
             Began as a Naga Venom Mage on Sept 30, 2022.
             Was the Champion of Ru.
             Mangled by a four-headed hydra (12 damage)
             ... on level 5 of the Lair of Beasts.
             The game lasted 02:32:27 (19755 turns).

grimtooth the Tainter (Naga Venom Mage)            Turns: 19755, Time: 02:32:27

HP:   -8/90 (95)    AC:  8    Str: 12    XL:     11   Next: 70%
MP:   29/29         EV:  9    Int: 18    God:    Ru [******]
Gold: 1085          SH:  0    Dex: 11    Spells: 1/22 levels left

rFire    . . .     SeeInvis +   a - +11 long sword "Team" {flame, rCorr}
rCold    . . .     Faith    .   (no shield)
rNeg     . . .     Spirit   .   f - +0 steam dragon scales
rPois    +         Reflect  .   (no helmet)
rElec    .         Harm     .   (no cloak)
rCorr    +         Rampage  .   Q - +1 pair of gloves
Will     +....                  (no barding)
Stlth    +++++.....             F - amulet of magic regeneration
HPRegen  0.25/turn              k - +4 ring of slaying
MPRegen  0.46/turn              i - ring of magical power

@: exhausted, drained, very slow
A: AC +3, large, see invisible, deformed body, frail 1, poison resistance,
slowness 2, spit poison 1, hated by all, inability to train armour,
inexperienced 1, naga tail 1
a: Spit Poison, Renounce Religion, Draw Out Power, Power Leap, Apocalypse


You were on level 5 of the Lair of Beasts.
You worshipped Ru.
Ru was exalted by your worship.
You visited 3 branches of the dungeon, and saw 16 of its levels.
You also visited: Ossuary and Volcano.

You collected 1085 gold pieces.

Inventory:

Hand Weapons
 a - the +11 long sword "Team" (weapon) {flame, rCorr}
   (You found it on level 6 of the Dungeon)

   It burns those it strikes, dealing additional fire damage.
   Big, fiery blades are also staple armaments of hydra-hunters.
   rCorr:     It protects you from acid and corrosion.
 b - a +4 dagger of venom
Missiles
 j - 89 stones
 q - 7 boomerangs (quivered)
 v - 75 poisoned darts
 K - 2 throwing nets {=f}
Armour
 f - +0 steam dragon scales (worn)
 Q - a +1 pair of gloves (worn)
Jewellery
 d - the ring "Buham" {rF+ Str+4 Int+6}
   (You acquired it on level 9 of the Dungeon)

   [ring of protection from fire]

   Str:       It affects your strength (+4).
   Int:       It affects your intelligence (+6).
   rF:        It protects you from fire.
 i - a ring of magical power (right hand)
 k - a +4 ring of slaying (left hand)
 F - an amulet of magic regeneration (around neck)
 L - a ring of wizardry
 W - a ring of flight
Wands
 C - a wand of paralysis (13)
 D - a wand of digging (4)
 E - a wand of mindburst (7)
 I - a wand of polymorph (12)
 J - a wand of acid (5)
Scrolls
 e - 4 scrolls of vulnerability {unknown}
 g - 3 scrolls of amnesia
 h - 6 scrolls of blinking {unknown}
 l - 4 scrolls of enchant armour {unknown}
 m - 3 scrolls of enchant weapon {unknown}
 p - a scroll of silence {unknown}
 r - 2 scrolls of magic mapping
 u - a scroll of fear {unknown}
 y - a scroll of torment {unknown}
 z - a scroll of brand weapon {unknown}
 A - 3 scrolls of teleportation
 P - 2 scrolls of fog
 Y - a scroll of acquirement
 Z - a scroll of summoning {unknown}
Potions
 c - 5 potions of curing
 n - 2 potions of might {unknown}
 o - a potion of berserk rage {unknown}
 s - 5 potions of cancellation
 t - 3 potions of flight
 w - 2 potions of magic {unknown}
 B - a potion of lignification
 H - 3 potions of haste
 M - a potion of resistance
 V - 2 potions of invisibility {unknown}
 X - a potion of ambrosia
Miscellaneous
 O - a phial of floods


   Skills:
 - Level 9.0 Fighting
 - Level 9.0 Long Blades
 - Level 1.5 Dodging
 - Level 12.0 Stealth
 - Level 6.0 Spellcasting
 - Level 6.0 Conjurations
 + Level 5.4 Transmutations
 - Level 6.0 Air Magic
 - Level 9.0 Earth Magic
 - Level 12.0 Poison Magic
 + Level 5.2 Evocations


You had one spell level left.
You knew the following spells:

 Your Spells              Type           Power      Damage    Failure   Level
a - Sting                 Tmut/Pois      100%       1d8       1%          1
b - Poisonous Vapours     Pois/Air       74%        N/A       1%          2
c - Mephitic Cloud        Conj/Pois/Air  34%        N/A       1%          3
d - Sandblast             Erth           74%        2d16      1%          1
e - Irradiate             Conj/Tmut      12%        3d17      32%         5
r - Olgreb's Toxic Radia  Pois           48%        N/A       1%          4
s - Swiftness             Air            27%        N/A       3%          3
w - Passwall              Tmut/Erth      25%        N/A       1%          2

Your spell library contained the following spells:

 Spells                   Type           Power      Damage    Failure   Level
 Magic Dart               Conj           100%       1d8       1%          1
 Shock                    Conj/Air       100%       1d9       1%          1
 Searing Ray              Conj           54%        3d5       1%          2
 Lee's Rapid Deconstruct  Erth           18%        3d12*     9%          5
 Airstrike                Air            13%        N/A       10%         4
 Lightning Bolt           Conj/Air       13%        1d27      28%         5
 Inner Flame              Hex/Fire       5%         N/A       34%         3
 Fulminant Prism          Conj/Hex       8%         3d7       34%         4
 Blade Hands              Tmut           12%        N/A       36%         5
 Cause Fear               Hex            2%         N/A       75%         4
 Invisibility             Hex            2%         N/A       100%        6
 Dragon Form              Tmut           12%        N/A       100%        7
 Discord                  Hex            2%         N/A       100%        8
 Summon Lightning Spire   Summ/Air       Unusable   N/A       N/A         4

Dungeon Overview and Level Annotations

Branches:
Dungeon (10/15)            Temple (1/1) D:4            Lair (5/6) D:9
  Swamp (0/4) Lair:3       Spider (0/4) Lair:3          Orc (0/2) D:9
Ossuary (visited)         Volcano (visited)
  Slime: Lair:5-6

Altars:
Ashenzari
Cheibriados
Dithmenos
Elyvilon
Fedhas
Gozag
Hepliaklqana
Kikubaaqudgha
Makhleb
Nemelex Xobeh
Okawaru
Qazlal
Ru
Trog
Uskayaw
Wu Jian
Xom
Yredelemnul
Zin
The Shining One

Annotations:
D:8 dig
Lair:3 3 runed translucent doors, Sadonosm's ghost, journeyman DgSk


Innate Abilities, Weirdness & Mutations

Your serpentine skin is tough. (AC +3)
You have supernaturally acute eyesight. (SInv)
Armour fits poorly on your strangely shaped body.
You are frail. (-10% HP)
Your system is resistant to poisons. (rPois)
You cover ground very slowly.
You can spit poison.
You are hated by all.
You cannot train Armour skill.
You are somewhat inexperienced. (-2 XL)
You have a snake-like lower body.


Message History

You lop one of the five-headed hydra's heads off!
The flame cauterises the wound!
You slash the four-headed hydra! You burn the four-headed hydra.
The four-headed hydra is severely wounded.
The four-headed hydra barely misses you.
The four-headed hydra bites you!
* * * LOW HITPOINT WARNING * * *
The four-headed hydra barely misses you.
The four-headed hydra bites you.
* * * LOW HITPOINT WARNING * * *
Press: ? - help, v - describe, . - travel
Here: a four-headed hydra (severely wounded, slow, covered in acid)
The floor.
Okay, then.
Unknown command.
Casting: Mephitic Cloud (safe; 1% risk of failure)
Confirm with . or Enter, or press ? or * to list all spells.
Aiming: Sandblast (safe; 1% risk of failure)
Press: ? - help, Shift-Dir - straight line, f - four-headed hydra
Aim: a four-headed hydra (severely wounded, slow, covered in acid, 94% to hit)
Okay, then.
Okay, then.
Press: ? - help, v - describe, . - travel
Here: a four-headed hydra (severely wounded, slow, covered in acid)
The floor.
Casting: Sandblast (safe; 1% risk of failure)
Confirm with . or Enter, or press ? or * to list all spells.
Aiming: Sandblast (safe; 1% risk of failure)
Press: ? - help, Shift-Dir - straight line, f - four-headed hydra
Aim: a four-headed hydra (severely wounded, slow, covered in acid, 94% to hit)
The blast of sand hits the four-headed hydra.
The four-headed hydra is severely wounded.
j - 89 stones You feel better.
The four-headed hydra bites you!
* * * LOW HITPOINT WARNING * * *
The four-headed hydra bites you but does no damage.
The four-headed hydra bites you!
* * * LOW HITPOINT WARNING * * *
The four-headed hydra bites you!
You die...

..........##...### #..##.
................## ###....
..................###......
..................#........
..................###......
...>..............##...#.##
.........Y...#...###..#####
.........†.P##...P#....#
......†..D@##.#.......#.#
#......[######.#.####.###
######### ##### ###


You could see a four-headed hydra (slow, corroded) and a yak (confused).

Vanquished Creatures
  3 hydras (Lair:4)
  An ogre mage (Volcano)
  6 two-headed ogres (Volcano)
  A death yak (Lair:4)
  A hell knight (Volcano)
  An elephant (Lair:4)
  2 manticores
  5 black mambas
  7 cane toads
  A torpor snail (Lair:3)
  6 komodo dragons
  5 rime drakes
  A queen bee (Lair:4)
  A polar bear (Lair:4)
  3 meliai (Lair:4)
  3 tyrant leeches (Lair:3)
  Grinder (D:3)
  6 blink frogs (Lair:4)
  3 wyverns (Lair:4)
  3 redbacks (Lair:3)
  5 basilisks
  40 yaks
  A steam dragon (D:9)
  8 water moccasins
  Duvessa (D:4)
  4 orc warriors
  3 ice beasts
  A sky beast (D:5)
  A black bear (D:6)
  2 necrophages
  14 wolves
  A centaur (D:9)
  3 ogres
  2 phantoms (D:7)
  11 bullfrogs
  A jelly (D:6)
  4 scorpions
  A water moccasin zombie (D:5)
  Dowan (D:4)
  38 killer bees
  5 wights (D:9)
  3 howler monkeys
  A centaur zombie (D:7)
  2 gnoll shamans
  3 hounds
  7 orc priests
  Ijyb (D:3)
  4 iguanas
  9 orc wizards
  A hell rat (Lair:4)
  A hound zombie (D:5)
  8 mummies (Ossuary)
  3 howler monkey zombies
  6 adders
  7 gnolls
  A white imp (D:7)
  2 worms
  39 orcs
  5 bats
  8 endoplasms
  4 giant cockroaches
  A gnoll zombie (Ossuary)
  8 goblins
  11 hobgoblins
  3 jackals (D:1)
  5 quokkas
  12 ball pythons
  6 frilled lizards
  A hobgoblin zombie (Ossuary)
  6 kobolds
  2 kobold zombies (Ossuary)
  4 orc zombies (Ossuary)
  7 rats
  A butterfly (D:4)
389 creatures vanquished.

Vanquished Creatures (others)
  A hydra (Lair:3)
  A black mamba (Lair:2)
  A bullfrog (Lair:3)
  37 fungi
  54 plants
94 creatures vanquished.

Grand Total: 483 creatures vanquished

Notes
Turn   | Place    | Note
-------+----------+-------------------------------------------
     0 | D:1      | grimtooth the Naga Venom Mage began the quest for the Orb.
     0 | D:1      | Reached XP level 1. HP: 15/15 MP: 3/3
   131 | D:1      | You fall into a shaft and drop 1 floor!
   320 | D:2      | Reached XP level 2. HP: 22/22 MP: 1/5
   962 | D:1      | Reached XP level 3. HP: 28/28 MP: 5/7
  1435 | D:1      | Learned a level 2 spell: Poisonous Vapours
  1439 | D:1      | Learned a level 3 spell: Mephitic Cloud
  1673 | D:1      | Reached skill level 5 in Poison Magic
  1856 | D:2      | Reached XP level 4. HP: 19/36 MP: 0/8
  2328 | D:2      | Found a faded altar of an unknown god.
  2371 | D:3      | Noticed Ijyb
  2508 | D:3      | Noticed an ice beast
  2725 | D:3      | Noticed Grinder
  2725 | D:3      | Paralysed by Grinder for 5 turns
  2733 | D:3      | Paralysed by Grinder for 3 turns
  3166 | D:4      | Reached skill level 1 in Air Magic
  3166 | D:4      | Reached XP level 5. HP: 23/42 MP: 4/9
  3517 | D:4      | Found a staircase to the Ecumenical Temple.
  3533 | Temple   | Entered the Ecumenical Temple
  3582 | Temple   | Became a worshipper of Ru the Awakened
  3583 | Temple   | - hm... that was actually a typo
  3810 | D:4      | Noticed an ice beast
  4157 | D:4      | Noticed Dowan
  4169 | D:4      | Noticed Duvessa
  4261 | D:4      | Reached XP level 6. HP: 38/49 MP: 10/10
  4768 | D:5      | Entered Level 5 of the Dungeon
  5007 | D:4      | Reached XP level 7. HP: 28/55 MP: 11/11
  5218 | D:5      | Identified a scroll of acquirement
  5537 | D:5      | Reached skill level 5 in Air Magic
  5548 | D:5      | Gained mutation: You are hated by all. [Ru sacrifice]
  5548 | D:5      | Reached * piety under Ru
  5548 | D:5      | Reached ** piety under Ru
  5648 | D:5      | Found an iron altar of Okawaru.
  6129 | D:5      | Found the +15 Maxwell's patent armour {-Cast -Tele rElec
                  | Will+ rCorr}
  6394 | D:5      | Reached XP level 8. HP: 40/62 MP: 12/12
  6521 | D:5      | Reached skill level 1 in Conjurations
  6669 | D:5      | Learned a level 3 spell: Swiftness
  6674 | D:5      | Learned a level 4 spell: Olgreb's Toxic Radiance
  7140 | D:6      | Found a white marble altar of Elyvilon.
  7146 | D:6      | Identified the +11 long sword "Team" {flame, rCorr}
  7364 | D:6      | Reached skill level 10 in Poison Magic
  7967 | D:3      | Killed Ijyb
  8136 | D:3      | Killed Grinder
  8137 | D:3      | Reached XP level 9. HP: 68/68 MP: 13/13
  8357 | D:4      | Reached skill level 5 in Conjurations
  8576 | D:7      | Learned a level 1 spell: Sandblast
  8644 | D:7      | You fall into a shaft and drop 3 floors!
  8644 | D:10     | Entered Level 10 of the Dungeon
  8645 | D:10     | - my ossuary!
  8647 | D:10     | Noticed a two-headed ogre
  8650 | D:10     | Found a shadowy altar of Dithmenos.
  8661 | D:9      | Found a staircase to the Orcish Mines.
  8828 | D:8      | Reached skill level 1 in Earth Magic
  8952 | D:7      | Found a sand-covered staircase.
  8979 | Ossuary  | Entered an ossuary
  9041 | Ossuary  | Gained mutation: You are somewhat inexperienced. (-2 XL)
                  | [Ru sacrifice]
  9041 | Ossuary  | Reached XP level 8. HP: 56/62 MP: 21/21
  9041 | Ossuary  | Reached XP level 7. HP: 55/55 MP: 20/20
  9041 | Ossuary  | Reached *** piety under Ru
  9379 | D:7      | Noticed a manticore
  9517 | D:7      | Found an ornate altar of the Wu Jian Council.
  9849 | D:8      | Reached skill level 5 in Earth Magic
  9849 | D:8      | Reached XP level 8. HP: 39/62 MP: 12/12
 10341 | D:8      | Found a glowing silver altar of Zin.
 11310 | D:9      | Found a staircase to the Lair.
 11382 | D:9      | Found a sparkling altar of Nemelex Xobeh.
 11972 | D:4      | Killed Dowan
 11990 | D:4      | Killed Duvessa
 12159 | D:7      | Killed a manticore
 12220 | D:9      | Acquired the ring "Buham" {rF+ Str+4 Int+6}
 12226 | D:9      | Learned a level 2 spell: Passwall
 12227 | Lair:1   | Entered Level 1 of the Lair of Beasts
 12234 | Lair:1   | Noticed a cane toad
 12241 | Lair:1   | Killed a cane toad
 12746 | Lair:1   | Reached skill level 5 in Spellcasting
 12825 | Lair:1   | Noticed a cane toad
 12827 | Lair:1   | Noticed a black mamba
 12832 | Lair:1   | Killed a cane toad
 12916 | Lair:1   | Reached XP level 9. HP: 39/68 MP: 16/17
 12933 | Lair:1   | Gained mutation: You cannot train Armour skill. [Ru
                  | sacrifice]
 12933 | Lair:1   | Reached **** piety under Ru
 12933 | Lair:1   | Reached ***** piety under Ru
 12999 | Lair:1   | Reached skill level 5 in Long Blades
 13422 | Lair:1   | Reached skill level 5 in Stealth
 14801 | Lair:2   | Noticed a four-headed hydra
 15091 | Lair:3   | Found a runed translucent gate.
 15092 | Lair:3   | Found a runed translucent gate.
 15094 | Lair:3   | Found a runed translucent gate.
 15095 | Lair:3   | Noticed Sadonosm's ghost (journeyman DgSk)
 15095 | Lair:3   | Noticed a nine-headed hydra
 15095 | Lair:3   | Noticed an 11-headed hydra
 15137 | Lair:3   | Gained mutation: You are frail. (-10% HP) [Ru sacrifice]
 15137 | Lair:3   | Reached ****** piety under Ru
 15198 | Lair:3   | Found a hole to the Spider Nest.
 15215 | Lair:3   | Reached XP level 10. HP: 41/67 MP: 19/19
 15507 | Lair:3   | Noticed a seven-headed hydra
 15604 | Lair:3   | Reached skill level 10 in Stealth
 16048 | Lair:3   | Reached skill level 1 in Fighting
 16169 | Lair:3   | Found a staircase to the Swamp.
 16292 | Lair:4   | Noticed a five-headed hydra
 16308 | Lair:4   | Found a dark tunnel.
 16325 | Volcano  | Entered a volcano
 16341 | Volcano  | Noticed an ogre mage
 16345 | Volcano  | Found a bloodstained altar of Trog.
 16346 | Volcano  | Noticed a hell knight
 16349 | Volcano  | Killed an ogre mage
 16355 | Volcano  | Noticed a two-headed ogre
 16355 | Volcano  | Noticed a two-headed ogre
 16355 | Volcano  | Noticed a two-headed ogre
 16363 | Volcano  | Noticed a two-headed ogre
 16363 | Volcano  | Noticed a two-headed ogre
 16363 | Volcano  | Noticed a two-headed ogre
 16363 | Volcano  | Killed a two-headed ogre
 16366 | Volcano  | Killed a two-headed ogre
 16370 | Volcano  | Killed a two-headed ogre
 16370 | Volcano  | Killed a two-headed ogre
 16378 | Volcano  | Killed a hell knight
 16379 | Volcano  | Reached skill level 5 in Fighting
 16386 | Volcano  | Killed a two-headed ogre
 16389 | Volcano  | Killed a two-headed ogre
 16390 | Volcano  | - quite a gamble there... shoulda healed
 16830 | Lair:4   | Reached XP level 11. HP: 34/90 MP: 20/20
 17475 | Lair:4   | Learned a level 5 spell: Irradiate
 17524 | Lair:4   | Reached skill level 1 in Evocations
 19296 | Lair:4   | Reached skill level 5 in Transmutations
 19296 | Lair:4   | Reached skill level 5 in Evocations
 19753 | Lair:5   | - not good
 19755 | Lair:5   | HP: 4/90 [four-headed hydra (13)]
 19755 | Lair:5   | Mangled by a four-headed hydra

Illustrated notes

≈≈≈≈≈≈≈.._...≈≈≈≈≈≈≈≈≈≈≈≈
≈≈≈≈≈≈≈..................
≈≈≈≈≈≈≈._._..............
≈≈≈≈≈≈≈..................
≈≈≈≈≈≈≈.._...≈≈≈≈≈≈≈≈≈≈≈≈
≈≈≈≈≈≈≈.....≈≈≈≈≈≈≈≈≈≈≈≈≈
≈≈≈≈≈≈≈.._..≈≈≈≈≈≈≈≈≈≈≈≈≈
≈≈≈≈≈≈≈.....≈≈≈≈≈≈≈≈≈≈≈≈≈
≈≈≈≈≈≈≈.@._.≈≈≈≈≈≈≈≈≈≈≈≈≈
≈≈≈≈≈≈≈.....≈≈≈≈≈≈≈≈≈≈≈≈≈
≈≈≈≈≈≈≈.._..≈≈≈≈≈≈
≈≈≈≈≈≈≈≈...≈≈≈≈≈≈≈
≈≈≈≈≈≈≈≈≈≈≈≈≈≈≈≈≈≈
≈≈≈≈≈≈≈≈≈≈≈≈≈≈≈≈≈≈
≈≈≈≈≈≈≈≈≈≈≈≈≈≈≈≈≈≈
≈≈≈≈≈≈≈≈≈≈≈≈≈≈≈≈≈
≈≈≈≈≈≈≈≈≈≈≈≈≈≈≈


Turn 3583 on Temple: - hm... that was actually a typo #..#.#### #......@#
..#####.# #.# #.# #.# #.# #.# ..# Turn 8645 on D:10: - my ossuary! §§§#### ≈≈≈
#######§§≈≈§# ≈§###[$[!)###≈§§ ##.#.!.$.#.##§ #..'.).[.'..# #..'.._..'..## ≈≈
#...#.....#...#≈≈≈§ #...#######...#§≈≈≈ #..)'$))@))...#≈≈§§ #...#..≈).#...#§§§§
#...#8≈≈≈8#O..#≈≈§# #..'..≈..+..## §≈≈ #..'.....+..# ≈§ §##.#8...8#.##≈ #
≈§###.....###≈≈ ≈§≈≈≈≈.....≈§§≈≈ §§≈≈≈≈8...8≈≈≈≈# Turn 16390 on Volcano: - quite
a gamble there... shoulda healed ..........##...### #..##. ................##
###.... ..................###...... ..................#........
..................###...... ...>..Y...........##...#.##
.........(...#...###..##### .........†.P##...P#....# ......†..D@##.#.......#.#
#......[######.#.####.### ######### ##### ### Turn 19753 on Lair:5: - not good

Levels and vault maps discovered:
D:1:      eino_arrival_cavern_b, layout_basic
D:2:      layout_basic, shapermc_ecumenical_altar_mp_highgroup, nrook_campfire,
          minmay_small_reverse_x
D:3:      layout_basic, dk_vineyard_2, dk_noncrumbling_3, uniq_grinder,
          uniq_ijyb
D:4:      layout_gridville, minmay_temple_entry_butterflies, serial_rivers,
          chequers_serial_rivers_micro_a, chequers_serial_rivers_small_b,
          chequers_serial_rivers_micro_a, chequers_serial_rivers_micro_a,
          chequers_serial_rivers_micro_c, minmay_hedge_maze, uniq_duvessa
D:5:      layout_basic, mainiacjoe_overflow_brackets,
          hangedman_abyss_or_decor_stagger, serial_bayou_pond_b
D:6:      corexii_shack_village, layout_cave_pools, mainiacjoe_overflow_chevrons
D:7:      layout_basic, kennysheep_mini_moat, nicolae_ossuary_entry_monument
D:8:      layout_gridville, zin_treasury, overflow_temple_1_default,
          serial_glass, glass_columns_b, glass_columns_c, glass_columns_b,
          glass_columns_c, glass_columns_a
D:9:      layout_loops_ring, fedhas_ov_isle_minmay, nemelex_spade_bored_becter,
          dpeg_oklobed_lair
D:10:     layout_loops_ring, nicolae_vehumet_altar_sigil,
          nicolae_dithmenos_shadow_blocks, lemuel_blue_sif_altar,
          kennysheep_small_square
Temple:   minmay_temple_bridge_abc
Lair:1:   layout_gridlike, grunt_megastairs_1
Lair:2:   layout_roguey, patterned_corridor
Lair:3:   layout_gridlike, minmay_swamp_entry_worms, spider_nest_entry_webs,
          gammafunk_ghost_hydra_chop
Lair:4:   regret_index_wax_grids, layout_loops_ring,
          nicolae_volcano_entry_lava_flow, lemuel_fruit_fields
Lair:5:   layout_gridlike, nicolae_slime_entry_slimehenge, minivault_27

Skill      XL: |  1  2  3  4  5  6  7  8  9 10 11 |
---------------+----------------------------------+-----
Spellcasting   | 3 5 6 |  6.0
Poison Magic   | 5 6 7 12 10 11 | 12.0
Air Magic      | 1 2 4 6 |  6.0
Conjurations   | 4 6 |  6.0
Earth Magic    | 5 7 2 9 |  9.0
Long Blades    | 4 9 |  9.0
Stealth        | 9 12 | 12.0
Fighting       | 7 9 |  9.0
Evocations     | 5 |  5.2
Transmutations | 5 |  5.4
Dodging        | |  1.5

Action                   |  1- 3 |  4- 6 |  7- 9 | 10-12 || total
-------------------------+-------+-------+-------+-------++-------
Melee: Dagger            |     1 |    37 |    60 |    27 ||   125
       Long sword        |       |       |   157 |    86 ||   243
Throw: Dart              |       |    16 |    43 |    10 ||    69
       Boomerang         |       |     2 |    27 |     6 ||    35
 Cast: Sting             |    84 |    97 |   201 |    85 ||   467
       Poisonous Vapours |     3 |    15 |    75 |    62 ||   155
       Mephitic Cloud    |       |     3 |    21 |    19 ||    43
       Sandblast         |       |       |    71 |    74 ||   145
       Olgreb's Toxic Ra |       |       |    22 |    15 ||    37
       Swiftness         |       |       |     1 |     1 ||     2
       Passwall          |       |       |       |     5 ||     5
Invok: Sacrifice Love    |       |       |     1 |       ||     1
       Sacrifice Experie |       |       |     1 |       ||     1
       Draw Out Power    |       |       |     7 |     3 ||    10
       Sacrifice Health  |       |       |     1 |       ||     1
       Sacrifice Durabil |       |       |     1 |       ||     1
       Power Leap        |       |       |       |     2 ||     2
 Abil: Spit Poison       |       |       |     3 |       ||     3
Evoke: Wand              |       |       |    10 |     7 ||    17
  Use: Scroll            |       |     3 |    13 |     4 ||    20
       Potion            |       |     1 |     1 |     8 ||    10
 Stab: Invisible         |       |       |     2 |     3 ||     5
       Sleeping          |       |       |     6 |     4 ||    10
       Confused          |       |       |     7 |     4 ||    11
       Paralysed         |       |       |     4 |     6 ||    10
Armor: Robe              |     7 |    18 |    45 |       ||    70
       Steam dragon scal |       |       |    32 |    44 ||    76
Dodge: Dodged            |    24 |    39 |   147 |    84 ||   294
       Rpst.: Long sword |       |       |    27 |    19 ||    46
